 Dungeon Crawl Stone Soup version 0.19.4 (webtiles) character file.

123 Atlantean the Skirmisher (level 4, -4/37 HPs)
             Began as a Demonspawn Fighter on Jan 31, 2017.
             Was an Initiate of Okawaru.
             Slain by Atlantean's ghost (6 damage)
             ... on level 3 of the Dungeon.
             The game lasted 00:02:30 (1505 turns).

Atlantean the Skirmisher (Demonspawn Fighter)       Turns: 1505, Time: 00:02:31

Health: -4/37      AC:  7    Str: 18    XL:     4   Next: 80%
Magic:  13/13      EV:  7    Int:  9    God:    Okawaru [......]
Gold:   151        SH:  8    Dex: 12    Spells: 0 memorised, 3 levels left

rFire  . . .     SeeInvis .     a - +0 war axe
rCold  . . .     Gourm    .     b - +0 scale mail
rNeg   . . .     Faith    .     c - +0 shield
rPois  .         Spirit   .     (helmet restricted)
rElec  .         Reflect  .     (no cloak)
rCorr  .         Harm     .     (no gloves)
MR     .....                    q - +0 pair of boots
Stlth  ..........               (no amulet)
                                (no ring)
                                e - ring of magical power

@: no status effects
A: horns 1, demonic guardian 1
a: Renounce Religion


You were on level 3 of the Dungeon.
You worshipped Okawaru.
Okawaru was noncommittal.
You were not hungry.

You visited 1 branch of the dungeon, and saw 4 of its levels.

You collected 151 gold pieces.

Inventory:

Hand Weapons
 a - a +0 war axe (weapon)
Armour
 b - a +0 scale mail (worn)
 c - a +0 shield (worn)
 q - a +0 pair of boots (worn)
Jewellery
 e - a ring of magical power (left hand)
 m - an uncursed ring of protection from cold {unknown}
Wands
 n - a wand of flame (17/48)
 s - a wand of flame (30/48)
Scrolls
 i - a scroll of fog {unknown}
 j - a scroll of fear
 l - a scroll of teleportation
 r - a scroll of magic mapping {unknown}
Potions
 d - a potion of might
 h - 5 potions of flight
 o - a potion of resistance {unknown}
 t - a potion of lignification {unknown}
Comestibles
 f - a bread ration
 g - 6 chunks of flesh
 k - 2 meat rations


   Skills:
 * Level 4.0 Fighting
 * Level 3.1 Axes
 + Level 3.1 Armour
 + Level 1.0 Dodging
 - Level 2.6 Shields


You had 3 spell levels left.
You didn't know any spells.

Dungeon Overview and Level Annotations

Branches:
Dungeon (4/15)
 Temple: D:4-7

Altars:
Okawaru

Annotations:
D:3 Atlantean's ghost, amateur DsFi


Innate Abilities, Weirdness & Mutations

You have a pair of small horns on your head.
A weak demonic guardian rushes to your aid.


Message History

Your shadow imp hits Atlantean's ghost but does no damage.
Atlantean's ghost hits you but does no damage.
You hit Atlantean's ghost but do no damage.
Atlantean's ghost is heavily damaged.
Your shadow imp hits Atlantean's ghost.
Atlantean's ghost closely misses your shadow imp.
Your shadow imp hits Atlantean's ghost.
Unknown command.
You hit Atlantean's ghost.
You headbutt Atlantean's ghost, but do no damage.
Atlantean's ghost is almost destroyed.
Your shadow imp disappears in a puff of smoke!
You block Atlantean's ghost's attack. Atlantean's ghost hits you!
* * * LOW HITPOINT WARNING * * *
Unknown command.
You hit Atlantean's ghost but do no damage.
Your headbutt misses Atlantean's ghost.
Atlantean's ghost is almost destroyed.
Atlantean's ghost hits you.
You die...

########################
........................
.......)...##########...
.........!.#### #.#.
.......(....... #.#.
##'####@5..#### #.#. ..
#W)..# ..#. # +....#
..#. #....# #..#. #....#
##.#. '$...# ..#. #....#
.. #....#


You could see Atlantean's ghost and a friendly quasit.

Vanquished Creatures
  Terence (D:2)
  5 adders
  2 worms (D:2)
  A dart slug (D:2)
  A leopard gecko (D:1)
  An orc (D:3)
  2 ball pythons
  6 giant cockroaches
  8 goblins
  A hobgoblin (D:1)
  8 kobolds
  2 quokkas (D:2)
  A bat (D:2)
  2 frilled lizards
  6 rats
47 creatures vanquished.

Notes
Turn   | Place    | Note
-------+----------+-------------------------------------------
     0 | D:1      | Atlantean the Demonspawn Fighter began the quest for the Orb.
     0 | D:1      | Reached XP level 1. HP: 18/18 MP: 1/1
   193 | D:1      | Gained mutation: You have a pair of small horns on your head. [demonic ancestry]
   193 | D:1      | Reached XP level 2. HP: 20/24 MP: 2/2
   867 | D:2      | Found an iron altar of Okawaru.
   876 | D:2      | Became a worshipper of Warmaster Okawaru
   965 | D:2      | Reached XP level 3. HP: 25/29 MP: 3/3
  1066 | D:2      | Noticed Terence
  1077 | D:2      | Killed Terence
  1077 | D:2      | Gained mutation: A weak demonic guardian rushes to your aid. [demonic ancestry]
  1077 | D:2      | Reached XP level 4. HP: 11/37 MP: 4/4
  1308 | D:2      | Reached skill level 4 in Fighting
  1390 | D:2      | You fall through a shaft for 2 floors!
  1487 | D:3      | Reached skill level 1 in Dodging
  1493 | D:3      | Noticed Atlantean's ghost (amateur DsFi)
  1505 | D:3      | Slain by Atlantean's ghost

Skill      XL: |  1  2  3  4 |
---------------+-------------+-----
Axes           | 2 3 |  3.1
Armour         | 3 |  3.1
Fighting       | 4 |  4.0
Dodging        | 1 |  1.0
Shields        | |  2.6

Action                   |  1- 3 |  4- 6 || total
-------------------------+-------+-------++-------
Melee: War axe           |   111 |    47 ||   158
       Headbutt          |    17 |     8 ||    25
  Use: Scroll            |       |     4 ||     4
       Potion            |       |     3 ||     3
  Eat: Chunk             |     1 |     1 ||     2
Armor: Scale mail        |    56 |    19 ||    75
Dodge: Dodged            |    22 |    14 ||    36
Block: Shield            |    53 |    27 ||    80
